 Dungeon Crawl Stone Soup version 0.22-a0-348-gd16d1391c7 (webtiles) character file.

0 Manul the Ducker (level 1, -25/11 HPs)
             Began as a Spriggan Abyssal Knight on Apr 7, 2018.
             Was a Follower of Lugonu.
             Killed from afar by a wretched star (36 damage)
             ... with an orb of energy
             ... on level 2 of the Abyss.
             The game lasted 00:00:38 (175 turns).

Manul the Ducker (Spriggan Abyssal Knight)           Turns: 175, Time: 00:00:38

Health: -25/11     AC:  2    Str:  8    XL:     1   Next: 0%
Magic:  3/3        EV: 18    Int: 13    God:    Lugonu [*.....]
Gold:   0          SH:  0    Dex: 15    Spells: 0/0 levels left

rFire    . . .     SeeInvis +   a - +1 short sword
rCold    . . .     Gourm    .   (shield restricted)
rNeg     . . .     Faith    .   b - +0 robe
rPois    .         Spirit   .   (helmet restricted)
rElec    .         Reflect  .   (no cloak)
rCorr    .         Harm     .   (gloves unavailable)
MR       .....     Rnd*Tele +   (boots unavailable)
Stlth    +.........             (no amulet)
HPRegen  0.03/turn              (no ring)
MPRegen  0.08/turn              (no ring)

@: very quick
A: very small, unfitting armour, see invisible, herbivore, speed 3, slow
metabolism 2, [teleportitis 2]
a: Depart the Abyss, Renounce Religion


You were on level 2 of the Abyss.
You worshipped Lugonu.
Lugonu was aware of your devotion.
You were not hungry.

You visited 0 branches of the dungeon, and saw 0 of its levels.
You visited the Abyss 1 time.

Inventory:

Hand Weapons
 a - a +1 short sword (weapon)
Armour
 b - a +0 robe (worn)
Scrolls
 d - a scroll of enchant armour {unknown}
Comestibles
 c - a ration


   Skills:
 + Level 2.4 Fighting
 + Level 2.1 Short Blades
 + Level 3.5 Dodging
 + Level 1.7 Invocations


You couldn't memorise any spells.
You didn't know any spells.

Dungeon Overview and Level Annotations

Branches:
Dungeon (0/15)

Altars:


Innate Abilities, Weirdness & Mutations

You are very small and have problems with some larger weapons.
You are too small for most types of armour.
You have supernaturally acute eyesight. (SInv)
You are a herbivore.
You cover ground extremely quickly.
You need to consume almost no food.
[You are sometimes teleported next to monsters.]


Message History

You feel the power of the Abyss delaying your translocation!
It was a scroll of teleportation.
You are suddenly pulled into a different region of the Abyss!
Found a corrupted altar of Lugonu.
Found a chain mail.
Found 27 arrows.
A wretched star punctures the fabric of the universe.
The wretched star glows turbulently.
The orb of energy misses you.
The wretched star pulses with an eldritch light!
You feel weirdly uncertain.
You feel even more weirdly uncertain.
Found a buckler.
A small abomination comes into view.
Found a scroll labeled LOOLIMUCLE.
d - a scroll labeled LOOLIMUCLE The wretched star is too close now for your liking.
The wretched star glows turbulently.
The orb of energy hits you!
Ouch! That really hurt!
You die...

.### .##. ##.. # .#
#####... . .. .
####. ##.# #.....
.. #.##. # ..# .
####.###*..# ... #
#
##..#.#....#..#.##.
# #.###...## ## ...
.# #...@....#.. .##
######.#.#. .
##.#.. ...##..
..##..## ...#####.
#.###. ...#. #..
#### . ... . ##


You could see a wretched star.

Vanquished Creatures (others)
  2 starspawn tentacles (Abyss:2)
2 creatures vanquished.

Notes
Turn   | Place    | Note
-------+----------+-------------------------------------------
     0 | Abyss:1  | Manul the Spriggan Abyssal Knight began the quest for the Orb.
     0 | Abyss:1  | Reached XP level 1. HP: 11/11 MP: 3/3
    47 | Abyss:2  | Noticed a great orb of eyes
    47 | Abyss:2  | Noticed a tentacled starspawn
    92 | Abyss:2  | Found a corrupted altar of Lugonu.
   133 | Abyss:2  | Noticed a wretched star
   145 | Abyss:2  | Noticed a small abomination
   175 | Abyss:2  | Killed from afar by a wretched star

Vault maps used:

Action                   || total
-------------------------++-------
  Use: Scroll            ||     1
Dodge: Dodged            ||     1

Table legend:
 A = Spawn XP
 B = Non-spawn XP
 C = Spawn XP percentage of total XP
 D = Spawn monster count
 E = Non-spawn monster count
 F = Spawn count percentage of total count
 G = Total turns spent on level
                    A         B        C        D         E        F      G
               +---------+---------+-------+---------+---------+-------+---------
         Total |       0 |       0 |   N/A |       0 |       0 |   N/A |   175
               +---------+---------+-------+---------+---------+-------+---------
               +---------+---------+-------+---------+---------+-------+---------
